 Dungeon Crawl Stone Soup version 0.15.0-23-gc2b521c (console) character file.

131 gw the Twirler (level 4, 0/38 HPs)
             Began as a Minotaur Gladiator on Sept 9, 2014.
             Slain by gw's ghost (10 damage)
             ... on Level 3 of the Dungeon.
             The game lasted 00:01:47 (2347 turns).

gw the Twirler (Minotaur Gladiator)                 Turns: 2347, Time: 00:01:47

HP   0/38        AC  9     Str 20      XL: 4   Next: 91%
MP   2/2         EV  9     Int  5      God:
Gold 0           SH  0     Dex 11      Spells:  0 memorised,  3 levels left

rFire  . . .     SeeInvis +     a - +0 quarterstaff
rCold  . . .     Clarity  .     l - +0 scale mail
rNeg   . . .     rCorr    .     (no shield)
rPois  .         rRot     .     c - +0 hat
rElec  .         Spirit   .     n - +0 cloak
SustAb +         Warding  .     k - +0 pair of gloves
rMut   .         Stasis   .     h - +0 pair of boots
Gourm  .                        (no amulet)
MR     .....                    q - ring of sustain abilities
                                e - ring of see invisible

@: not resistant to hostile enchantments, extremely unstealthy
A: retaliatory headbutt, horns 2
a: no special abilities


You were on level 3 of the Dungeon.
You were hungry.

You visited 1 branch of the dungeon, and saw 3 of its levels.

Inventory:

Hand weapons
 a - a +0 quarterstaff (weapon)
Missiles
 d - 3 throwing nets
 s - 12 stones (quivered)
Armour
 c - a +0 hat (worn)
 h - a +0 pair of boots (worn)
 k - a +0 pair of gloves (worn)
 l - a +0 scale mail (worn)
 n - a +0 cloak (worn)
Comestibles
 f - 2 bread rations
 g - 2 beef jerkies
 p - 2 meat rations
Scrolls
 b - a scroll of enchant weapon {unknown}
 i - 4 scrolls of remove curse
 j - 2 scrolls of identify
Jewellery
 e - a ring of see invisible (left hand)
 q - a ring of sustain abilities (right hand)


   Skills:
 + Level 3.4 Fighting
 * Level 5.3 Staves
 + Level 2.6 Throwing
 + Level 2.3 Armour
 - Level 3.2 Dodging


You had 3 spell levels left.
You didn't know any spells.

Dungeon Overview and Level Annotations

Branches:
Dungeon (3/15)

Altars:

Annotations:
D:3 gw's ghost, average MiGl


Innate Abilities, Weirdness & Mutations

You reflexively headbutt those who attack you in melee.
You have a pair of horns on your head.


Message History

ATTACKING (-1,-1)
You closely miss the orc. You headbutt the orc, but do no damage.
Gw's ghost barely misses you. You furiously retaliate!
You headbutt gw's ghost, but do no damage.
FLEEEEING!
ATTACKING (-1,-1)
You closely miss the orc. The orc hits you with a club.
MOVING TO (-7,-3)
The orc hits you but does no damage. The hobgoblin hits you with a club.
Gw's ghost closely misses you.
FLEEEEING!
MOVING TO (3,4)
The orc closely misses you. Gw's ghost hits you.
FLEEEEING!
ATTACKING (-1,-1)
You thump the orc!
You kill the orc!
The hobgoblin hits you but does no damage.
Gw's ghost hits you!
You die...

####..)..##
#.#
####....[.###
#.#
#....####.#
#.# ..####
#.## #.# .##
#..# #.# ##
#..### #.#
##...#####.#
###...)##.#
####gH#o#
##W#.# #...#
##..# #.>#
####


You could see gw's ghost and a hobgoblin.

Table legend:
 A = Turns spent in this place as a percentage of turns spent in the entire game.
 B = Non-inter-level travel turns spent in this place as a percentage of non-inter-level travel turns spent in the entire game.
 C = Inter-level travel turns spent in this place as a percentage of turns spent in this place.
 D = Turns resting spent in this place as a percentage of non-inter-level travel turns spent in this place.
 E = Turns spent auto-exploring this place as a percentage of non-inter-level travel turns spent in this place.
 F = Non-inter-level travel turns spent in this place divided by the number of levels of this place that you've seen.
                   A       B       C       D       E      F
               +-------+-------+-------+-------+-------+----------------------
         Total | 100.0 | 100.0 |   1.3 |   2.0 |  11.2 | 328.3
       Dungeon | 100.0 | 100.0 |   1.3 |   2.0 |  11.2 | 328.3
               +-------+-------+-------+-------+-------+----------------------

Table legend:
 A = Kills in this place as a percentage of kills in entire the game.
 B = Kills by you in this place as a percentage of kills by you in the entire game.
 C = Kills by friends in this place as a percentage of kills by friends in the entire game.
 D = Other kills in this place as a percentage of other kills in the entire game.
 E = Experience gained in this place as a percentage of experience gained in the entire game.
 F = Experience gained in this place divided by the number of levels of this place that you have seen.
                   A       B       C       D       E      F
               +-------+-------+-------+-------+-------+----------------------
         Total | 100.0 | 100.0 |  -nan |  -nan | 100.0 |  62.7
       Dungeon | 100.0 | 100.0 |  -nan |  -nan | 100.0 |  62.7
               +-------+-------+-------+-------+-------+----------------------

Vanquished Creatures
  An orc wizard (D:3)
  5 adders (D:2)
  A worm (D:2)
  A giant gecko (D:2)
  5 oozes
  2 orcs (D:3)
  5 bats
  3 giant cockroaches
  3 hobgoblins
  4 jackals
  2 kobolds (D:2)
  A quokka (D:2)
  A ball python (D:2)
  6 giant newts
  8 goblins
  5 rats
53 creatures vanquished.

Notes
Turn   | Place    | Note
--------------------------------------------------------------
     0 | D:1      | gw, the Minotaur Gladiator, began the quest for the Orb.
     0 | D:1      | Reached XP level 1. HP: 18/18 MP: 1/1
    57 | D:1      | Reached skill level 1 in Armour
   108 | D:1      | Reached XP level 2. HP: 25/25 MP: 1/1
   979 | D:1      | Reached skill level 4 in Staves
  1065 | D:2      | Reached XP level 3. HP: 30/30 MP: 2/2
  1670 | D:2      | Reached XP level 4. HP: 38/38 MP: 2/2
  2018 | D:2      | Reached skill level 5 in Staves
  2266 | D:3      | Noticed gw's ghost (average MiGl)
  2347 | D:3      | Slain by gw's ghost

Action                   |  1- 3 |  4- 6 || total
-------------------------+-------+-------++-------
Melee: Quarterstaff      |    77 |    28 ||   105
Throw: Stone             |    13 |    46 ||    59
  Use: Scroll            |     4 |     3 ||     7
       Potion            |     2 |     2 ||     4
  Eat: Chunk             |     3 |     1 ||     4

Vault maps used:
D:1:      lightli_iron_boxes, minmay_cupped
D:2:      kennysheep_nub, minmay_ruptured
D:3:      xom_teletrap_fun, first_bread, uniq_terence
